 Dungeon Crawl Stone Soup version 0.31.0-1-g2c135a008e (webtiles) character file.

Game seed: 8676567704440544505

24 qw the Shooter (level 3, -3/28 HPs)
             Began as a Djinni Hunter on Jan 24, 2024.
             Slain by Sigmund
             ... wielding a +4 scythe of freezing
              (7 damage)
             ... on level 2 of the Dungeon.
             The game lasted 00:00:02 (698 turns).

qw the Shooter (Djinni Hunter)                       Turns: 698, Time: 00:00:02

Health: -3/28      AC:  5    Str: 14    XL:     3   Next: 15%
Gold:   68         EV: 11    Int:  9    God:
                   SH:  0    Dex: 17

rFire   + + .        a - +0 shortbow
rCold   x . .        (shield currently unavailable)
rNeg    . . .        d - +0 ring mail
rPois   inf          (no helmet)
rElec   .            (no cloak)
rCorr   .            (no gloves)
SInv    .            (boots unavailable)
Will    .....        (no amulet)
Stlth   +            (no ring)
HPRegen 0.24/turn    (no ring)
MPRegen 0.00/turn

%: infuse magic (-4 HP)
@: flying
A: sickness immunity, fire resistance 2, cold vulnerability 1, float, innate
caster, HP casting, extra vitality 1, strong 1
a: no special abilities


You were on level 2 of the Dungeon.
You visited 1 branch of the dungeon, and saw 2 of its levels.

You collected 68 gold pieces.


Innate Abilities, Weirdness & Mutations

You are immune to sickness and miasma.
You are immune to poison.
Your flesh is very heat resistant. (rF++)
You are vulnerable to cold. (rC-)
You float through the air rather than walking.
You learn spells naturally, not from books.
Your magical power is your life essence.
You have superior vitality. (+4 MHP)
Your muscles are strong. (Str +4, Int/Dex -1)


   Skills:
 - Level 2.0 Fighting
 - Level 4.0 Ranged Weapons
 + Level 0.0 Armour
 - Level 2.1 Dodging
 - Level 0.7 Stealth


You knew the following spells:

 Your Spells              Type           Power      Damage    Failure   Level
a - Foxfire               Conj/Fire      0%         2x1d4     63%         1
Your spell library was empty.

Inventory:

Hand Weapons
 a - a +0 shortbow (weapon)
Armour
 d - a +0 ring mail (worn)
Potions
 f - a potion of curing

Dungeon Overview and Level Annotations

Branches:
Dungeon (2/15)

Altars:

Annotations:
D:2 Sigmund


Message History

Sigmund hits you but does no damage.
You shoot an arrow. The arrow hits Sigmund.
Sigmund is lightly wounded.
You hear a shout!
Sigmund hits you with a +4 scythe of freezing!
Sigmund freezes you.
A kobold comes into view. It is wielding a +0 club.
You shoot an arrow.
The arrow hits Sigmund but does no damage.
Sigmund is lightly wounded.
Sigmund barely misses you.
You shoot an arrow. The arrow closely misses Sigmund.
The arrow hits the adder!
The adder is severely wounded.
Sigmund hits you with a +4 scythe of freezing.
Sigmund freezes you.
695 ||| DRINKING potion of heal wounds.
You feel much better.
Sigmund hits you with a +4 scythe of freezing.
Sigmund freezes you.
You shoot an arrow. The arrow barely misses Sigmund.
The arrow hits the adder.
You kill the adder!
Your Ranged Weapons skill increases to level 4!
You have reached level 3!
Your experience leads to an increase in your attributes!
Your base attributes are Str 10, Int 10, Dex 16.
Increase (S)trength, (I)ntelligence, or (D)exterity?
You feel agile. x2
The power to cast Foxfire wells up from within.
Spell assigned to 'a'.
You shoot an arrow. The arrow hits Sigmund.
Sigmund is moderately wounded.
Sigmund hits you with a +4 scythe of freezing.
Sigmund freezes you. The kobold barely misses you.
You shoot an arrow.
The arrow hits Sigmund but does no damage.
Sigmund is moderately wounded.
The kobold closely misses you.
Sigmund hits you with a +4 scythe of freezing!
Sigmund freezes you!
You die...
Sigmund begins carving another notch in his scythe.

# # ##### #.### ....#
#.#.. ###(# #.#.# #.#
# #.#.# #.# #.#.#.##
.# #.# #.#.)..###...##
#.# #.....!@@%.....
#.########...K##..#...
#.....>..............
################..##.#
... . .. #


You could see Sigmund and a kobold.

Vanquished Creatures
  An adder (D:2)
  A ball python (D:1)
  3 endoplasms (D:1)
  2 goblins
  A hobgoblin (D:1)
  A quokka (D:1)
  2 bats (D:1)
  2 frilled lizards (D:1)
  A kobold (D:1)
14 creatures vanquished.

Notes
Turn   | Place    | Note
-------+----------+-------------------------------------------
     0 | D:1      | qw the Djinni Hunter began the quest for the Orb.
     0 | D:1      | Reached XP level 1. HP: 18/18 MP: 0/0
     0 | D:1      | 0 ||| qw: Version: 0.3-a-136-gdd3b4e8
     0 | D:1      | 0 ||| qw: Game counter: 1285
     0 | D:1      | 0 ||| qw: Melee chars always use a shield: true
     0 | D:1      | 0 ||| qw: God list: Okawaru
     0 | D:1      | 0 ||| qw: Allow faded altars: false
     0 | D:1      | 0 ||| qw: Do Orc after clearing Dungeon:15 true
     0 | D:1      | 0 ||| qw: Do second Lair branch before Depths: true
     0 | D:1      | 0 ||| qw: Lair rune preference: random
     0 | D:1      | 0 ||| qw: Goals: Normal
     0 | D:1      | 0 ||| PLANNING D:1-11
   113 | D:1      | Reached XP level 2. HP: 23/23 MP: 0/0
   534 | D:1      | 534 ||| UPGRADING to +0 ring mail.
   544 | D:1      | 544 ||| DROPPING +0 leather armour.
   545 | D:1      | 545 ||| READING 3 scrolls labelled KUIM DURUZXIA.
   545 | D:1      | 545 ||| IDENTIFYING metallic blue potion
   546 | D:1      | 546 ||| READING 2 scrolls of identify.
   546 | D:1      | 546 ||| IDENTIFYING red potion
   547 | D:1      | 547 ||| DRINKING potion of mutation.
   547 | D:1      | Gained mutation: Your muscles are strong. (Str +4, Int/Dex
                  | -1) [potion of mutation]
   548 | D:1      | 548 ||| READING scroll of identify.
   548 | D:1      | 548 ||| IDENTIFYING murky dark potion
   549 | D:1      | 549 ||| DROPPING scroll of butterflies.
   685 | D:2      | Noticed Sigmund
   688 | D:2      | 688 ||| RETREEEEATING.
   689 | D:2      | 689 ||| RETREEEEATING.
   694 | D:2      | HP: 5/23 [Sigmund/+4 scythe of freezing (1)]
   695 | D:2      | 695 ||| DRINKING potion of heal wounds.
   697 | D:2      | Reached skill level 4 in Ranged Weapons
   697 | D:2      | Reached XP level 3. HP: 24/28 MP: 0/0
   697 | D:2      | Learned a level 1 spell: Foxfire
   698 | D:2      | Slain by Sigmund

Levels and vault maps discovered:
D:1:      sevenhm_arrival_forest_fort_small_4, layout_basic
D:2:      layout_loops_ring, dreamdust_ecumenical_altar_grove, uniq_sigmund,
          uniq_natasha

Skill      XL: |  1  2 |
---------------+-------+-----
Ranged Weapons | 4 |  4.0
Fighting       | |  2.0
Dodging        | |  2.1
Stealth        | |  0.7

Action                     || total
---------------------------++-------
   Fire: Shortbow          ||    46
    Use: Scroll            ||     3
         Potion            ||     2
 Armour: Leather armour    ||    10
         Ring mail         ||     6
  Dodge: Dodged            ||    19

Table legend:
 A = Non-vault XP
 B = Vault XP
 C = Vault XP percentage of total XP
 D = Non-vault monster count
 E = Vault monster count
 F = Vault count percentage of total count
                 A         B        C        D         E       F
            +---------+---------+-------+---------+---------+-------
      Total |      35 |       0 |   0.0 |      14 |       0 |   0.0
            +---------+---------+-------+---------+---------+-------
        D:1 |      20 |       0 |   0.0 |      12 |       0 |   0.0
        D:2 |      15 |       0 |   0.0 |       2 |       0 |   0.0
            +---------+---------+-------+---------+---------+-------
